 Dungeon Crawl Stone Soup version 0.30.0 (webtiles) character file.

Game seed: 8780035310297336324

65 GloriousHammer the Ducker (level 4, 0/33 HPs)
             Began as a Merfolk Hexslinger on May 6, 2023.
             Was an Initiate of Gozag.
             Succumbed to an adder's poison
             ... on level 2 of the Dungeon.
             The game lasted 00:03:37 (1441 turns).

GloriousHammer the Ducker (Merfolk Hexslinger)      Turns: 1441, Time: 00:03:38

Health: 0/33       AC:  2    Str: 16    XL:     4   Next: 14%
Magic:  6/6        EV: 13    Int: 12    God:    Gozag
Gold:   55         SH:  0    Dex: 16    Spells: 5/6 levels left

rFire   . . .        a - +1 sling
rCold   . . .        (no shield)
rNeg    . . .        c - +0 robe
rPois   .            (no helmet)
rElec   .            (no cloak)
rCorr   .            (no gloves)
SInv    .            (no boots)
Will    .....        (no amulet)
Stlth   +            S - +6 ring of strength
HPRegen 0.25/turn    (no ring)
MPRegen 0.10/turn

%: no passive effects
@: lethally poisoned (0 -> -1), gold aura, attractive
A: (nimble swimmer 2), mertail
a: Renounce Religion, Potion Petition, Call Merchant, Bribe Branch


You were on level 2 of the Dungeon.
You worshipped Gozag.
Gozag was noncommittal.
You visited 1 branch of the dungeon, and saw 2 of its levels.

You collected 82 gold pieces.
You paid 27 gold pieces to Gozag.

Inventory:

Hand Weapons
 a - a +1 sling (weapon)
 e - a +0 short sword
Armour
 c - a +0 robe (worn)
Jewellery
 S - a +6 ring of strength (left hand)
 Z - a ring of wizardry
Scrolls
 b - a scroll of poison
 d - a scroll of butterflies {unknown}
 f - a scroll of vulnerability {unknown}
 g - a scroll of teleportation {unknown}
 i - a scroll of identify {unknown}


   Skills:
 + Level 2.2 Fighting
 - Level 1.5 Ranged Weapons
 + Level 3.7 Dodging
 - Level 1.8 Spellcasting
 - Level 3.5 Hexes


You had 5 spell levels left.
You knew the following spells:

 Your Spells              Type           Power      Damage    Failure   Level
a - Slow                  Hex            36%        N/A       7%          1

Your spell library contained the following spells:

 Spells                   Type           Power      Damage    Failure   Level
 Sublimation of Blood     Necr           1%         N/A       38%         2
 Wereblood                Tmut           1%         N/A       38%         2
 Inner Flame              Hex/Fire       5%         N/A       38%         3
 Portal Projectile        Hex/Tloc       10%        N/A       38%         3
 Cause Fear               Hex            4%         N/A       54%         4
 Vhi's Electric Charge    Tloc/Air       2%         N/A       63%         3
 Arcjolt                  Conj/Air       0%         1d10      100%        5
 Summon Hydra             Summ           0%         N/A       100%        7
 Maxwell's Capacitive Co  Air            0%         ∞         100%        8


Dungeon Overview and Level Annotations

Branches:
Dungeon (2/15)

Altars:
Gozag


Innate Abilities, Weirdness & Mutations

((You are very nimble when in or above water. (Stealth+, EV+, Speed+++)))
Your lower body shifts to a powerful aquatic tail in water.


Message History

a +0 short sword; a kobold skeleton
e - a +0 short sword
(D) Dungeon
Where to? (Enter - D:1 @ (x,y), ? - help)
There is an open door here.
You see here a ball python skeleton.
There is a stone staircase leading down here.
You climb downwards.
There is a stone staircase leading up here.
An adder comes into view.
An adder is nearby!
You shoot a sling bullet. The sling bullet hits the adder.
The adder hisses angrily.
The adder is moderately wounded.
You shoot a sling bullet. The sling bullet hits the adder!
You kill the adder!
Your Fighting skill increases to level 2!
An endoplasm comes into view.
An endoplasm is nearby!
You shoot a sling bullet. The endoplasm quivers.
The sling bullet hits the endoplasm.
The endoplasm is severely wounded.
You shoot a sling bullet. The sling bullet hits the endoplasm.
You kill the endoplasm!
A kobold comes into view. It is wielding a +0 short sword.
A kobold is nearby!
You shoot a sling bullet. The sling bullet hits the kobold.
You kill the kobold!
No target in view!
Found a stone staircase leading down.
f - a scroll labelled JARHE PIUR You open the door.
A bat comes into view.
You shoot a sling bullet. The sling bullet hits the bat.
You kill the bat!
There is an open door here.
You see here a bat corpse.
You open the door.
There is an open door here.
g - a scroll labelled JOGI BUZ UWU
h - a sedimented coppery potion A hobgoblin comes into view.
You shoot a sling bullet. The sling bullet hits the hobgoblin!
You kill the hobgoblin!
No target in view!
No target in view!
i - a scroll labelled QOG BI RITRAPT
Z - a ring of wizardry You now have 42 gold pieces (gained 10).
A kobold and a frilled lizard come into view.
You shoot a sling bullet.
The sling bullet hits the frilled lizard.
You kill the frilled lizard!
You shoot a sling bullet. The sling bullet hits the kobold.
You kill the kobold!
No target in view!
You open the door.
An adder and a ball python come into view.
The adder hisses angrily.
The ball python hisses angrily.
Found 5 gold pieces.
There are monsters nearby!
There are monsters nearby!
You shoot a sling bullet. The sling bullet hits the ball python.
The ball python is severely wounded.
You shoot a sling bullet. The sling bullet hits the ball python.
You kill the ball python!
You shoot a sling bullet.
The sling bullet hits the adder but does no damage.
The adder completely misses you. The adder barely misses you.
You shoot a sling bullet. The sling bullet hits the adder.
The adder is lightly wounded.
The adder misses you. The adder barely misses you.
You shoot a sling bullet. The sling bullet misses the adder.
The adder misses you. x2
You shoot a sling bullet. The sling bullet misses the adder.
The adder bites you but does no damage.
You shoot a sling bullet. The sling bullet hits the adder!
The adder is heavily wounded.
The adder bites you.
You are poisoned.
The adder poisons you! The adder bites you.
You are more poisoned.
The adder poisons you!
You shoot a sling bullet. The sling bullet hits the adder.
The adder is almost dead.
You feel very sick. The adder completely misses you.
The adder barely misses you.
You shoot a sling bullet. The sling bullet hits the adder.
You kill the adder!
You feel sick.
You have reached level 4!
You feel sick.
You feel sick.
You feel sick.
You feel sick.
You feel sick.
You are no longer poisoned.
HP restored.
There is an open door here.
You see here a ball python corpse.
You now have 44 gold pieces (gained 2).
You now have 47 gold pieces (gained 3).
You now have 56 gold pieces (gained 9).
You open the door.
A ball python comes into view.
Found a book of Blood.
A ball python is nearby!
You shoot a sling bullet. The sling bullet hits the ball python.
You kill the ball python!
No target in view!
Casting: Slow (safe; 7% risk of failure)
Confirm with . or Enter, or press ? or * to list all spells.
Okay, then.
Okay, then.
There is an open door here.
Found an opulent altar of Gozag.
You pick up a book of Blood and begin reading...
You add the spells Sublimation of Blood, Wereblood and Summon Hydra to your library.
There is an opulent altar of Gozag here.
You kneel at the altar of Gozag.
Gozag welcomes you!
You pay a service fee of 27 gold.
You now have 39 gold pieces (gained 10).
Found a whip.
Found a stone staircase leading up.
You open the door.
There is an open door here.
You open the door.
There is an open door here.
You now have 45 gold pieces (gained 6).
You now have 55 gold pieces (gained 10).
There is a stone staircase leading up here.
There is an open door here.
You open the door.
Found a leather armour.
There is an open door here.
A ball python comes into view.
Found 8 gold pieces.
A ball python is nearby!
A ball python is nearby!
You shoot a sling bullet. The sling bullet hits the ball python!
You kill the ball python!
You hear an angry hiss. x2
An adder comes into view.
A ball python comes into view.
You shoot a sling bullet. The sling bullet misses the adder.
The adder barely misses you.
A quokka comes into view.
You shoot a sling bullet.
The sling bullet closely misses the adder.
The adder bites you.
You are poisoned.
The adder poisons you! The adder misses you.
The adder attacks as you move away! The adder bites you.
You are more poisoned.
The adder poisons you!
You feel very sick.
You feel sick. The adder closely misses you.
You feel sick. The adder attacks as you move away! The adder bites you.
You are more poisoned.
The adder poisons you!
You feel very sick.
There is an open door here.
The quokka attacks as you move away! The quokka barely misses you.
You feel sick. The adder bites you.
You are too injured to fight recklessly!
Unknown command.
Unknown command.
It was a potion of attraction.
You feel attractive to monsters.
You feel sick.
You shoot a sling bullet.
The sling bullet barely misses the ball python.
The sling bullet closely misses the quokka.
You feel sick. The adder barely misses you. The ball python closely misses you.
The ball python grabs you. The ball python constricts you.
The adder misses you.
You shoot a sling bullet. The sling bullet misses the adder.
You feel sick. The ball python bites you.
* * * LOW HITPOINT WARNING * * *
The ball python constricts you. The adder barely misses you.
The ball python bites you but does no damage.
The ball python constricts you.
You shoot a sling bullet. The sling bullet misses the adder.
You feel sick. The adder misses you. The ball python barely misses you.
The ball python constricts you.
* * * LOW HITPOINT WARNING * * *
The adder bites you.
* * * LOW HITPOINT WARNING * * *
The quokka twitches its whiskers.
Unknown command.
You shoot a sling bullet. The sling bullet hits the ball python.
You kill the ball python!
* * * LOW HITPOINT WARNING * * *
You feel sick. The adder misses you. The adder barely misses you.
You shoot a sling bullet. The sling bullet hits the quokka.
The quokka is heavily wounded.
You die...
Your body crumbles into a pile of gold.

.# #)...#... ♣$ .. #####.# ##
#.##.#...♣. ... #.. ##
#.##.#..[.♣♣♣♣♣... ### .#
#.##.#............ #### .#
#.##.#...........### ##.##
.######.#..##.........##.####...#
............##......###..'.......
.########....###r####....####...#
.# ##.#.# #@S......## #..## .#
###.# ###.....## #.### .# #.#
##...## #.#.. ## #.# ##'## #.#.#
####.# #.# #.#.# #....#
#.########.... #####.####
##.#........#.# #.......#
##....######.#.# #.###.#.#
#.....# #.#.#


You could see an adder and a quokka.

Vanquished Creatures
  2 adders (D:2)
  2 endoplasms
  3 giant cockroaches (D:1)
  4 goblins (D:1)
  5 hobgoblins
  8 kobolds
  2 quokkas (D:1)
  9 ball pythons
  5 bats
  A frilled lizard (D:2)
  5 rats (D:1)
46 creatures vanquished.

Vanquished Creatures (others)
  13 plants (D:1)
13 creatures vanquished.

Grand Total: 59 creatures vanquished

Notes
Turn   | Place    | Note
-------+----------+-------------------------------------------
     0 | D:1      | GloriousHammer the Merfolk Hexslinger began the quest for
                  | the Orb.
     0 | D:1      | Reached XP level 1. HP: 15/15 MP: 2/2
    79 | D:1      | Reached XP level 2. HP: 21/21 MP: 3/3
   565 | D:1      | Reached XP level 3. HP: 18/27 MP: 5/5
  1123 | D:2      | Reached XP level 4. HP: 26/33 MP: 6/6
  1189 | D:2      | Found an opulent altar of Gozag.
  1203 | D:2      | Became a worshipper of Gozag Ym Sagoz the Greedy
  1440 | D:2      | HP: 1/33 [poisoned by an adder]
  1441 | D:2      | Succumbed to an adder's poison

Illustrated notes

Levels and vault maps discovered:
D:1:      roderic_crop_circles_arrival_small, layout_basic,
          minmay_misc_feat_hallway
D:2:      layout_loops_corners, basic_altar, kennysheep_potato

Skill      XL: |  1  2  3 |
---------------+----------+-----
Dodging        | 3 |  3.7
Fighting       | 2 |  2.2
Ranged Weapons | |  1.5
Spellcasting   | |  1.8
Hexes          | |  3.5

Action                     |  1- 3 |  4- 6 || total
---------------------------+-------+-------++-------
   Fire: Sling             |   118 |     9 ||   127
   Cast: Slow              |     2 |       ||     2
    Use: Potion            |       |     1 ||     1
 Armour: Robe              |    13 |     1 ||    14
  Dodge: Dodged            |    43 |    12 ||    55
